 Dungeon Crawl Stone Soup version bcrawl-1.21.2-28-g2cb1824106 (webtiles) character file.

Game seed: 5445302014373009462

104 DasRunzen the Cudgeler (level 4, -1/37 HPs)
             Began as an Oni Gladiator on Mar 24, 2020.
             Slain by a bullfrog skeleton (8 damage)
             ... on level 3 of the Dungeon.
             The game lasted 00:03:29 (2334 turns).

DasRunzen the Cudgeler (Oni Gladiator)              Turns: 2334, Time: 00:03:29

Health: -1/37      AC:  3    Str: 17    XL:     4   Next: 80%
Magic:  7/7        EV: 13    Int: 10    God:
Gold:   166        SH:  0    Dex: 13    Spells: 3/4 levels left

rFire    . . .     SeeInvis .   a - +0 flail
rCold    . . .     Gourm    .   (no shield)
rNeg     + . .     Faith    .   b - +0 leather armour
rPois    .         Spirit   .   c - +0 hat
rElec    .         Reflect  .   (no cloak)
rCorr    .         Harm     .   (no gloves)
MR       .....                  (no boots)
Stlth    +.........             (no amulet)
HPRegen  0.12/turn              g - ring of positive energy
MPRegen  0.10/turn              (no ring)

@: no status effects
A: oni magic, claws 1, fangs 1, horns 1
a: no special abilities


You were on level 3 of the Dungeon.
You were hungry.

You visited 1 branch of the dungeon, and saw 3 of its levels.

You collected 166 gold pieces.

Inventory:

Hand Weapons
 a - a +0 flail (weapon)
Missiles
 d - 3 throwing nets (quivered) {!f}
Armour
 b - a +0 leather armour (worn)
 c - a +0 hat (worn)
Jewellery
 g - a ring of positive energy (left claw)
Potions
 f - 2 potions of curing
 h - a potion of brilliance {unknown}
 i - a potion of berserk rage
 k - a potion of mutation {unknown}
Comestibles
 e - 7 rations {!d}


   Skills:
 + Level 2.7 Fighting
 + Level 4.0 Maces & Flails
 - Level 1.7 Throwing
 + Level 1.4 Armour
 + Level 3.2 Dodging
 + Level 0.9 Spellcasting
   Level 0.9 Conjurations
   Level 0.9 Hexes
   Level 0.9 Charms
   Level 0.9 Summonings
   Level 0.9 Necromancy
   Level 0.9 Translocations
   Level 0.9 Transmutations
   Level 0.9 Fire Magic
   Level 0.9 Ice Magic
   Level 0.9 Air Magic
   Level 0.9 Earth Magic
   Level 0.9 Poison Magic


You had 3 spell levels left.
You knew the following spells:

 Your Spells              Type           Power        Failure   Level  Hunger
a - Magic Dart            Conj           #...         26%         1    ##.....

Your spell library contained the following spells:

 Spells                   Type           Power        Failure   Level  Hunger
 Ensorcelled Hibernation  Hex/Ice        #.....       41%         2    ###....


Dungeon Overview and Level Annotations

Branches:
Dungeon (3/12)

Altars:


Innate Abilities, Weirdness & Mutations

You learn spells by gaining experience, not through books or religion.
You only train spellcasting to practice magic.
You have sharp fingernails.
You have very sharp teeth.
You have a pair of small horns on your head.


Message History

You bite the bullfrog skeleton.
The bullfrog skeleton is severely damaged.
The bullfrog skeleton closely misses you.
You barely miss the bullfrog skeleton.
The bullfrog skeleton is severely damaged.
The bullfrog skeleton misses you. The bullfrog skeleton hits you!
* * * LOW HITPOINT WARNING * * *
You barely miss the bullfrog skeleton.
The bullfrog skeleton is severely damaged.
The bullfrog skeleton hits you but does no damage.
The bullfrog skeleton hits you.
* * * LOW HITPOINT WARNING * * *
You hit the bullfrog skeleton.
The bullfrog skeleton is severely damaged.
The bullfrog skeleton closely misses you.
You hit the bullfrog skeleton but do no damage.
The bullfrog skeleton is severely damaged.
The bullfrog skeleton closely misses you.
The bullfrog skeleton hits you!
You die...

######### ........#
###### ........# #.....
........# #.....
........###########....(
..(.........[...........
......Z@###########.....
......).# #.....
........# #.....
........# ##.###
######### ###..###
#....... #..##.#..
#......#.# ....#####)#


You could see a bullfrog skeleton.

Vanquished Creatures
  4 gnolls
  An ooze (D:1)
  A worm (D:1)
  4 leopard geckos (D:1)
  7 bats
  7 giant cockroaches
  5 goblins
  6 hobgoblins
  5 jackals (D:1)
  2 kobolds
  5 frilled lizards
  5 rats
52 creatures vanquished.

Notes
Turn   | Place    | Note
-------+----------+-------------------------------------------
     0 | D:1      | DasRunzen the Oni Gladiator began the quest for the Orb.
     0 | D:1      | Reached XP level 1. HP: 17/17 MP: 3/3
    66 | D:1      | Reached XP level 2. HP: 24/24 MP: 4/4
    69 | D:1      | Learned a level 1 spell: Magic Dart
   567 | D:1      | Reached XP level 3. HP: 30/30 MP: 5/5
   623 | D:1      | Reached skill level 1 in Armour
  1161 | D:2      | Reached XP level 4. HP: 20/37 MP: 6/6
  1733 | D:2      | Reached skill level 4 in Maces & Flails
  2334 | D:3      | Slain by a bullfrog skeleton

Skill      XL: |  1  2  3  4 |
---------------+-------------+-----
Dodging        | 3 |  3.2
Armour         | 1 |  1.4
Maces & Flails | 4 |  4.0
Fighting       | |  2.7
Throwing       | |  1.7
Spellcasting   | |  0.9
Conjurations   | |  0.9
Hexes          | |  0.9
Charms         | |  0.9
Summonings     | |  0.9
Necromancy     | |  0.9
Translocations | |  0.9
Transmutations | |  0.9
Fire Magic     | |  0.9
Ice Magic      | |  0.9
Air Magic      | |  0.9
Earth Magic    | |  0.9
Poison Magic   | |  0.9

Action                   |  1- 3 |  4- 6 || total
-------------------------+-------+-------++-------
Melee: Flail             |    78 |    57 ||   135
       Headbutt          |    14 |    10 ||    24
       Bite              |     7 |     9 ||    16
  Use: Scroll            |     3 |     3 ||     6
 Stab: Sleeping          |     1 |     1 ||     2
  Eat: Chunk             |     1 |     3 ||     4
Armor: Leather armour    |    19 |     9 ||    28
Dodge: Dodged            |    47 |    43 ||    90
